 Dungeon Crawl Stone Soup version 0.30-a0-170-g85af917532 (webtiles) character file.

Game seed: 17861891748993025227

219 qw the Chopper (level 5, -2/33 HPs)
             Began as a Gargoyle Fighter on Sept 30, 2022.
             Killed from afar by Duvessa (5 damage)
             ... with a puff of flame
             ... on level 4 of the Dungeon.
             The game lasted 00:00:57 (3161 turns).

qw the Chopper (Gargoyle Fighter)                   Turns: 3161, Time: 00:00:58

Health: -2/33      AC: 17    Str: 22    XL:     5   Next: 96%
Magic:  5/5        EV:  6    Int:  8    God:
Gold:   148        SH:  4    Dex:  9    Spells: 4/4 levels left

rFire   . . .      SeeInvis .    Y - +1 war axe
rCold   . . .      Faith    .    c - +0 buckler
rNeg    + . .      Spirit   .    j - +0 plate armour
rPois   inf        Reflect  .    (no helmet)
rElec   +          Harm     .    a - +1 cloak
rCorr   .          Rampage  .    (no gloves)
Will    .....                    (no boots)
Stlth   ..........               (no amulet)
HPRegen 0.11/turn                (no ring)
MPRegen 0.09/turn                (no ring)

@: no status effects
A: sickness immunity, AC +4, negative energy resistance 1, electricity
resistance, torment resistance 1, petrification resistance
a: no special abilities


You were on level 4 of the Dungeon.
You visited 1 branch of the dungeon, and saw 6 of its levels.

You collected 148 gold pieces.


Innate Abilities, Weirdness & Mutations

You are immune to sickness and miasma.
Your stone body is resilient. (AC +4)
You are immune to poison.
You resist negative energy. (rN+)
You are resistant to electric shocks. (rElec)
You are resistant to unholy torment.
You are immune to petrification.


   Skills:
 + Level 3.8 Fighting
 - Level 5.0 Axes
 - Level 1.0 Throwing
 - Level 3.2 Armour
 - Level 3.2 Shields


You had 4 spell levels left.
You didn't know any spells.
Your spell library was empty.

Inventory:

Hand Weapons
 h - a +0 flail
 Y - a +1 war axe (weapon)
Armour
 a - a +1 cloak (worn)
 c - a +0 buckler (worn)
 j - a +0 plate armour (worn)
Scrolls
 f - 2 scrolls of teleportation
Potions
 b - a potion of curing {unknown}
 d - a potion of might
 g - 3 potions of attraction
 i - a potion of cancellation {unknown}

Dungeon Overview and Level Annotations

Branches:
Dungeon (6/15)
 Temple: D:4-7

Altars:
Kikubaaqudgha
Wu Jian

Shops:
D:2 [

Annotations:
D:4 Dowan, Duvessa


Message History

The iguana bites you!
You slash the iguana!
You kill the iguana!
You start resting.
HP restored.
b - a black potion Duvessa, Sister of Dowan comes into view.
She is wielding a +5 rapier of venom and carrying a wand of flame (9).
Duvessa shouts!
You see here a javelin.
Dowan, Brother of Duvessa comes into view.
He is wielding a +0 dagger.
Duvessa zaps a wand.
The puff of flame hits you but does no damage.
Duvessa zaps a wand.
You block the puff of flame.
Dowan gestures at Duvessa while chanting.
Duvessa seems to speed up.
You block Duvessa's attack.
You hit Duvessa.
Duvessa is lightly wounded.
Duvessa barely misses you. You block Duvessa's attack.
You slash Duvessa!
Duvessa is heavily wounded.
Duvessa hits you but does no damage.
Duvessa zaps a wand.
The puff of flame misses you. Dowan hits you but does no damage.
You completely miss Duvessa.
Duvessa is heavily wounded.
You closely miss Dowan.
Duvessa hits you with a +5 rapier of venom!
Dowan gestures wildly while chanting.
Dowan blinks!
Duvessa barely misses you.
You closely miss Duvessa.
Duvessa is heavily wounded.
Duvessa closely misses you.
Dowan gestures wildly while chanting.
Dowan blinks!
Duvessa hits you with a +5 rapier of venom!
You slash Duvessa!
Duvessa is almost dead.
Duvessa hits you with a +5 rapier of venom!
Dowan casts a spell.
Dowan blinks!
Duvessa zaps a wand.
The puff of flame hits you.
You die...

############
#e...((....#
#..........#
#....¤.....#
#.........<# .#
#.@!.......# .#
#..e..¤......# .#
##.#####..)..##.#
#. ###......# #
###...##
#....######
#..........
#.......<..
#...........


You could see Duvessa (fast) and Dowan.

Vanquished Creatures
  2 orc priests
  An iguana (D:4)
  6 adders
  4 dart slugs
  7 orcs
  2 bats (D:1)
  7 endoplasms
  5 giant cockroaches
  5 goblins
  10 hobgoblins
  4 kobolds
  A quokka (D:2)
  4 ball pythons
  2 frilled lizards (D:1)
  5 rats
65 creatures vanquished.

Notes
Turn   | Place    | Note
-------+----------+-------------------------------------------
     0 | D:1      | qw the Gargoyle Fighter began the quest for the Orb.
     0 | D:1      | Reached XP level 1. HP: 14/14 MP: 1/1
     0 | D:1      | 0 ||| qw: Version: 0.2-a-13-gfc7b4b4
     0 | D:1      | 0 ||| qw: Game counter: 1672
     0 | D:1      | 0 ||| qw: Always use a shield: true
     0 | D:1      | 0 ||| qw: God list: Okawaru
     0 | D:1      | 0 ||| qw: Allow faded altars: false
     0 | D:1      | 0 ||| qw: Do Orc after D:15 true
     0 | D:1      | 0 ||| qw: Do second Lair branch before Depths: true
     0 | D:1      | 0 ||| qw: Lair rune preference: random
     0 | D:1      | 0 ||| qw: Plans: Normal, Zot:1-4, God:TSO, Crypt, Tomb,
                  | Pan, Slime:5, Hells, Abyss, Orb
     0 | D:1      | 0 ||| PLANNING D:1-11
    38 | D:1      | Reached skill level 2 in Axes
   248 | D:1      | 248 ||| Stepping ~*~*~tactically~*~*~ (hiding).
   256 | D:1      | Reached XP level 2. HP: 19/19 MP: 2/2
   571 | D:1      | Reached skill level 3 in Axes
   598 | D:1      | Reached XP level 3. HP: 23/23 MP: 3/3
   646 | D:1      | 646 ||| DROPPING +0 club.
   908 | D:1      | 908 ||| READING scroll labelled ANTEEC QAHEI.
   909 | D:1      | 909 ||| READING scroll labelled FOGINU XAAPIM.
   910 | D:1      | 910 ||| READING scroll labelled RICUMO SEJOI.
   914 | D:1      | 914 ||| READING scroll labelled TIDUTO MUSCH.
   915 | D:1      | 915 ||| READING scroll labelled PYCIV GILIDELI.
   916 | D:1      | 916 ||| DRINKING 2 lumpy sapphire potions.
  1080 | D:2      | Identified the +6 short sword "Caun" {drain, Stlth+}
  1262 | D:2      | 1262 ||| DROPPING +0 whip.
  1280 | D:2      | Found a faded altar of an unknown god.
  1563 | D:2      | Reached skill level 1 in Throwing
  1563 | D:2      | Reached XP level 4. HP: 21/28 MP: 4/4
  1668 | D:2      | Found Mizxiapy's Antique Armour Emporium.
  1680 | D:2      | 1680 ||| SHOPLISTING glowing leather armour (105 gold, have
                  | 60).
  1680 | D:2      | 1680 ||| SHOPLISTING glowing scale mail (147 gold, have
                  | 60).
  1680 | D:2      | 1680 ||| SHOPLISTING pair of boots (94 gold, have 60).
  1680 | D:2      | 1680 ||| SHOPLISTING plate armour (483 gold, have 60).
  1680 | D:2      | 1680 ||| SHOPLISTING runed cloak (157 gold, have 60).
  1680 | D:2      | 1680 ||| SHOPLISTING runed ring mail (147 gold, have 60).
  1680 | D:2      | 1680 ||| SHOPLISTING warped scale mail (189 gold, have 60).
  1728 | D:2      | 1728 ||| UPGRADING to +0 cloak.
  1733 | D:2      | 1733 ||| READING scroll labelled ALOAREF ENALO.
  1734 | D:2      | 1734 ||| READING scroll labelled FUCONEKESK.
  1899 | D:3      | You fall into a shaft and drop 3 floors!
  1930 | D:5      | Entered Level 5 of the Dungeon
  1939 | D:5      | Reached skill level 4 in Axes
  2100 | D:4      | Reached XP level 5. HP: 20/32 MP: 5/5
  2274 | D:4      | 2274 ||| READING scroll of enchant armour.
  2274 | D:4      | 2274 ||| ENCHANTING +0 cloak.
  2279 | D:4      | Found an ornate altar of the Wu Jian Council.
  2324 | D:4      | 2324 ||| Stepping ~*~*~tactically~*~*~ (stealth).
  2417 | D:3      | 2417 ||| Stepping ~*~*~tactically~*~*~ (stealth).
  2552 | D:3      | Reached skill level 5 in Axes
  2603 | D:3      | Found an ancient bone altar of Kikubaaqudgha.
  2951 | D:3      | 2951 ||| UPGRADING to +0 plate armour.
  2961 | D:3      | 2961 ||| DROPPING +0 scale mail.
  2962 | D:3      | 2962 ||| READING scroll labelled YSUVEY SUOZU.
  3152 | D:4      | Noticed Duvessa
  3153 | D:4      | Noticed Dowan
  3161 | D:4      | HP: 3/33 [Duvessa/+5 rapier of venom (14)]
  3161 | D:4      | Killed from afar by Duvessa

Levels and vault maps discovered:
D:1:      reono_arrival_mine, layout_rooms
D:2:      layout_basic, serial_shops, nicolae_shop_stone, basic_ecumenical_altar
D:3:      layout_basic, amcnicky_altar_gilded
D:4:      layout_rooms, old_standard_altar, makhleb_heckhound_becter,
          serial_shops, shop_fountains, uniq_duvessa
D:5:      layout_basic, kennysheep_little_box,
          hangedman_abyss_or_decor_jellyfish_corner, uniq_grinder
D:6:      layout_loops_corners, grunt_qazlal_clouds, lemuel_crystal_altar,
          minmay_temple_entry_large_hall, st_stairs_6, minmay_crossroads

Skill      XL: |  1  2  3  4  5 |
---------------+----------------+-----
Axes           | 2 3 4 5 |  5.0
Throwing       | 1 |  1.0
Fighting       | |  3.8
Armour         | |  3.2
Shields        | |  3.2

Action                   |  1- 3 |  4- 6 || total
-------------------------+-------+-------++-------
Melee: War axe           |    85 |    80 ||   165
Throw: Javelin           |     2 |    16 ||    18
  Use: Scroll            |     5 |     4 ||     9
       Potion            |     1 |       ||     1
Armor: Scale mail        |    32 |    41 ||    73
       Plate armour      |       |     8 ||     8
Dodge: Dodged            |    29 |    50 ||    79
Block: Buckler           |    18 |    21 ||    39

Table legend:
 A = Non-vault XP
 B = Vault XP
 C = Vault XP percentage of total XP
 D = Non-vault monster count
 E = Vault monster count
 F = Vault count percentage of total count
                 A         B        C        D         E       F
            +---------+---------+-------+---------+---------+-------
      Total |     314 |       0 |   0.0 |      65 |       0 |   0.0
            +---------+---------+-------+---------+---------+-------
        D:1 |      42 |       0 |   0.0 |      25 |       0 |   0.0
        D:2 |      49 |       0 |   0.0 |      13 |       0 |   0.0
        D:3 |      42 |       0 |   0.0 |       9 |       0 |   0.0
        D:4 |     128 |       0 |   0.0 |      13 |       0 |   0.0
        D:5 |      53 |       0 |   0.0 |       5 |       0 |   0.0
            +---------+---------+-------+---------+---------+-------
